Construct Infanterie Kompanie
Construct Panzergrenadier Kompanie
Pak 40 Anti-tank Gun Team
Infanterie Officer Quarters
Pak 40 Anti-tank Gun Team
Selects Mechanized Battlegroup
Selects Mobile Repair Stations
Selects StuG Assault Group
Panzergrenadier Officer Quarters
Construct Panzer Kompanie
Selects Wespe Self-propelled Artillery
Selects Zeroing Artillery Barrage
Selects Panther Heavy Tank
Zeroing Artillery Barrage